 Dungeon Crawl Stone Soup version 0.24.0-13-gcf9b3192b9 (webtiles) character file.

Game seed: 15208485327779324831, levelgen mode: classic

152 EnegeticOcto the Covered (level 5, -3/47 HPs)
             Began as a Minotaur Fighter on Nov 9, 2019.
             Killed from afar by Sigmund (6 damage)
             ... with a puff of flame
             ... on level 2 of the Dungeon.
             The game lasted 00:00:58 (1099 turns).

EnegeticOcto the Covered (Minotaur Fighter)         Turns: 1099, Time: 00:00:58

Health: -3/47      AC:  7    Str: 22    XL:     5   Next: 11%
Magic:  4/4        EV:  8    Int: 10    God:
Gold:   62         SH:  9    Dex:  9    Spells: 4/4 levels left

rFire    . . .     SeeInvis .   a - +0 war axe
rCold    . . .     Gourm    .   c - +0 shield
rNeg     . . .     Faith    .   b - +0 scale mail
rPois    .         Spirit   .   (helmet restricted)
rElec    .         Reflect  .   (no cloak)
rCorr    .         Harm     .   (no gloves)
MR       .....                  (no boots)
Stlth    ..........             (no amulet)
HPRegen  0.15/turn              (no ring)
MPRegen  0.09/turn              (no ring)

@: brilliant
A: retaliatory headbutt, horns 2
a: no special abilities


You were on level 2 of the Dungeon.
You were not hungry.

You visited 1 branch of the dungeon, and saw 2 of its levels.

You collected 62 gold pieces.

Inventory:

Hand Weapons
 a - a +0 war axe (weapon)
Armour
 b - a +0 scale mail (worn)
 c - a +0 shield (worn)
Wands
 m - a wand of polymorph (3)
Scrolls
 g - a scroll of teleportation {unknown}
 h - a scroll of identify {unknown}
 i - a scroll of fog {unknown}
 j - a scroll of remove curse {unknown}
 l - a scroll of noise {unknown}
 n - a scroll of magic mapping {unknown}
Potions
 d - a potion of might {@q3 !q}
 o - a potion of mutation {unknown}
Comestibles
 e - 4 rations
 f - 2 chunks of flesh


   Skills:
 + Level 4.3 Fighting
 * Level 4.2 Axes
 + Level 4.4 Armour
 + Level 1.8 Dodging
 + Level 4.3 Shields


You had 4 spell levels left.
You didn't know any spells.
Your spell library was empty.

Dungeon Overview and Level Annotations

Branches:
Dungeon (2/15)

Altars:
Fedhas

Annotations:
D:2 Sigmund


Innate Abilities, Weirdness & Mutations

You reflexively headbutt those who attack you in melee.
You have a pair of horns on your head.


Message History

A leopard gecko is nearby!
A leopard gecko is nearby!
The leopard gecko bites you.
You hit the leopard gecko but do no damage.
You block the leopard gecko's attack.
The leopard gecko bites you but does no damage.
You slash the leopard gecko!
You kill the leopard gecko!
No target in view!
No target in view!
No target in view!
No target in view!
Key pressed, stopping explore.
HP restored.
Found a hand axe.
You see here a leopard gecko corpse.
You butcher the leopard gecko corpse.
f - 3 chunks of flesh (gained 1)
You see here a leopard gecko skeleton. x2
You see here 11 stones.
o - a sedimented emerald potion
There is a stone staircase leading down here.
Some of the chunks of flesh in your inventory have rotted away.
A hobgoblin and Sigmund come into view.
Sigmund is wielding a +2 scythe of flaming.
The hobgoblin shouts!
Sigmund moves out of view.
The hobgoblin moves out of view.
No target in view!
No target in view!
No target in view!
No target in view!
Sigmund barely misses you.
Found a puce potion, a granite ring and a ration.
You barely miss Sigmund. Sigmund hits you but does no damage.
You slash Sigmund! Your headbutt misses Sigmund.
Sigmund is moderately wounded.
You block Sigmund's attack.
You hit Sigmund. Your headbutt misses Sigmund.
Sigmund is moderately wounded.
You slash the hobgoblin!
You kill the hobgoblin!
Sigmund hits you with a +2 scythe of flaming!
Sigmund burns you.
You closely miss Sigmund. Your headbutt misses Sigmund.
Sigmund is moderately wounded.
You barely miss Sigmund.
Sigmund is moderately wounded.
Sigmund gestures at you while chanting.
You are confused.
Sigmund hits you with a +2 scythe of flaming!
Sigmund burns you.
You are too confused!
You are too confused!
You are too confused!
You are too confused!
You are too confused!
You are too confused!
You are too confused!
You are too confused!
You miss Sigmund. Your headbutt misses Sigmund.
Sigmund is moderately wounded.
Sigmund says, "You will soon forget everything."
Sigmund hits you with a +2 scythe of flaming.
Sigmund burns you.
You miss Sigmund.
Sigmund is moderately wounded.
Sigmund casts a spell at you. You resist with some effort.
You're too confused to move!
Sigmund hits you with a +2 scythe of flaming.
Sigmund burns you.
You slash Sigmund! You headbutt Sigmund!
Sigmund is almost dead.
Sigmund hits you with a +2 scythe of flaming!
* * * LOW HITPOINT WARNING * * *
Sigmund burns you.
* * * LOW HITPOINT WARNING * * *
You feel less confused. You block Sigmund's attack.
Sigmund hits you from afar with a +2 scythe of flaming.
* * * LOW HITPOINT WARNING * * *
Sigmund burns you.
* * * LOW HITPOINT WARNING * * *
You see here a puce potion.
Found 2 gold pieces.
It was a potion of brilliance.
You feel clever all of a sudden.
Sigmund gestures wildly while chanting.
Sigmund flickers and vanishes!
Deactivating autopickup; reactivate with Ctrl-A.
You see here a puce potion.
You miss something. Your headbutt misses something. Something hits you.
* * * LOW HITPOINT WARNING * * *
Something burns you.
* * * LOW HITPOINT WARNING * * *
You closely miss something.
You hear some strange, mumbled words.
A puff of flame appears from out of thin air!
The puff of flame hits you.
You die...

...####...#.......### .
..###.##.#...### #.#.#
#.##.#.#.#
#.#.###.##.#.#.#
#.......##.....#####
###.########.......#
..###.....##.......##.###
#........{.##.##.##.##....
....##...@=.# #.##.......
..# #...%..# #....##.... .
#......# #.......###
######.#.####).######
.#.......# #. ...####..#
#. $#. #..# #.
##.#.####..#####÷
#......÷.÷.......


There were no monsters in sight!

Vanquished Creatures
  Jessica (D:2)
  Robin (D:2)
  5 adders (D:2)
  An ooze (D:1)
  A dart slug (D:1)
  3 leopard geckos
  4 bats (D:1)
  2 giant cockroaches (D:1)
  8 goblins
  13 hobgoblins
  9 jackals
  2 quokkas (D:2)
  A frilled lizard (D:2)
  A kobold (D:2)
  5 rats
57 creatures vanquished.

Notes
Turn   | Place    | Note
-------+----------+-------------------------------------------
     0 | D:1      | EnegeticOcto the Minotaur Fighter began the quest for the
                  | Orb.
     0 | D:1      | Reached XP level 1. HP: 19/19 MP: 0/0
   100 | D:1      | Reached XP level 2. HP: 27/27 MP: 1/1
   187 | D:1      | Reached skill level 1 in Dodging
   366 | D:1      | Reached XP level 3. HP: 33/33 MP: 2/2
   493 | D:2      | Noticed Robin
   499 | D:2      | Killed Robin
   502 | D:2      | Reached XP level 4. HP: 31/40 MP: 3/3
   737 | D:2      | Found a blossoming altar of Fedhas.
   821 | D:2      | Noticed Jessica
   838 | D:2      | Killed Jessica
   838 | D:2      | Reached XP level 5. HP: 46/46 MP: 4/4
  1081 | D:2      | Noticed Sigmund
  1099 | D:2      | Killed from afar by Sigmund

Levels and vault maps discovered:
D:1:      eino_arrival_cavern_c, layout_rooms, chequers_decorated_corner
D:2:      layout_loops_cross, fedhas_altar_2, uniq_robin, uniq_sigmund,
          uniq_crazy_yiuf_cottage, uniq_jessica

Skill      XL: |  1  2  3  4 |
---------------+-------------+-----
Axes           | 3 4 |  4.2
Dodging        | 1 |  1.8
Shields        | 4 |  4.3
Armour         | 4 |  4.4
Fighting       | 4 |  4.3

Action                   |  1- 3 |  4- 6 || total
-------------------------+-------+-------++-------
Melee: War axe           |    52 |    72 ||   124
       Headbutt          |    11 |     8 ||    19
  Use: Potion            |       |     1 ||     1
  Eat: Chunk             |       |     1 ||     1
Armor: Scale mail        |    29 |    28 ||    57
       Skin              |       |     4 ||     4
Dodge: Dodged            |    25 |    21 ||    46
Block: Shield            |    38 |    33 ||    71
